 Dungeon Crawl Stone Soup version 0.29-a0-383-g8b6f518c11 (webtiles) character file.

Game seed: 3365300162894059311

348 KateP the Slasher (level 6, -12/56 HPs)
             Began as a Minotaur Fighter on May 6, 2022.
             Mangled by an orc
             ... wielding a +1 mace of distortion
              (17 damage)
             ... on level 3 of the Dungeon.
             The game lasted 00:03:41 (3505 turns).

KateP the Slasher (Minotaur Fighter)                Turns: 3505, Time: 00:03:41

Health: -12/56     AC:  9    Str: 23    XL:     6   Next: 33%
Magic:  5/5        EV:  9    Int:  5    God:
Gold:   179        SH:  4    Dex:  9    Spells: 5/5 levels left

rFire   . . .      SeeInvis .   a - +0 long sword
rCold   . . .      Faith    .   c - +0 buckler
rNeg    . . .      Spirit   .   b - +0 scale mail
rPois   .          Reflect  .   (helmet restricted)
rElec   .          Harm     .   (no cloak)
rCorr   .          Rampage  .   f - +0 pair of gloves
Will    .....                   l - +0 pair of boots
Stlth   ..........              (no amulet)
HPRegen 0.18/turn               (no ring)
MPRegen 0.09/turn               (no ring)

@: brilliant
A: horns 2, retaliatory headbutt
a: no special abilities


You were on level 3 of the Dungeon.
You visited 1 branch of the dungeon, and saw 4 of its levels.
You also visited: Ossuary.

You collected 179 gold pieces.

Inventory:

Hand Weapons
 a - a +0 long sword (weapon)
Armour
 b - a +0 scale mail (worn)
 c - a +0 buckler (worn)
 f - a +0 pair of gloves (worn)
 l - a +0 pair of boots (worn)
Jewellery
 j - a ring of magical power
 m - a ring of willpower
 p - a +4 ring of protection
Scrolls
 g - 2 scrolls of enchant weapon {unknown}
 h - 6 scrolls of identify {unknown}
 n - 6 scrolls of teleportation {unknown}
 o - 2 scrolls of poison {unknown}
 q - a scroll of vulnerability {unknown}
 r - 2 scrolls of fog {unknown}
 v - a scroll of amnesia {unknown}
 y - a scroll of noise {unknown}
 A - a scroll of immolation {unknown}
 B - a scroll of enchant armour {unknown}
Potions
 d - 4 potions of might
 e - 2 potions of flight {unknown}
 i - a potion of resistance {unknown}
 k - a potion of brilliance
 s - 2 potions of berserk rage {unknown}
 t - a potion of ambrosia {unknown}
 u - 3 potions of heal wounds {unknown}
 w - 2 potions of curing {unknown}
 x - a potion of degeneration {unknown}
 z - a potion of attraction {unknown}


   Skills:
 + Level 5.0 Fighting
 * Level 5.4 Long Blades
 + Level 5.0 Armour
 + Level 5.0 Shields


You had 5 spell levels left.
You didn't know any spells.
Your spell library contained the following spells:

 Spells                   Type           Power      Damage    Failure   Level
 Stone Arrow              Conj/Erth      0%         3d7       99%         3
 Animate Armour           Summ/Erth      0%         N/A       100%        4
 Lehudib's Crystal Spear  Conj/Erth      0%         10d2      100%        8


Dungeon Overview and Level Annotations

Branches:
Dungeon (4/15)            Ossuary (visited)
 Temple: D:4-7

Altars:


Innate Abilities, Weirdness & Mutations

You have a pair of horns on your head.
You reflexively headbutt those who attack you in melee.


Message History

Something hits you.
* * * LOW HITPOINT WARNING * * *
The orc barely misses you.
You closely miss the orc priest.
The orc priest is moderately wounded.
The orc priest misses you. The orc hits you but does no damage.
A giant cockroach comes into view.
You hit the orc priest but do no damage.
The orc priest is moderately wounded.
You block something's attack.
The orc priest hits you with a +0 dagger.
* * * LOW HITPOINT WARNING * * *
The orc barely misses you.
You hit the orc priest. You headbutt the orc priest.
The orc priest is heavily wounded.
You block the orc priest's attack. Something hits you but does no damage.
The orc hits you but does no damage. Space warps around you.
* * * LOW HITPOINT WARNING * * *
You slash the orc priest!
You kill the orc priest!
The orc barely misses you.
Your Fighting skill increases to level 5!
A puff of flame appears from out of thin air!
The puff of flame hits you.
* * * LOW HITPOINT WARNING * * *
Something hits you but does no damage. Something hits you but does no damage.
Something hits you but does no damage.
There is an escape hatch in the ceiling here.
A puff of flame appears from out of thin air!
The puff of flame hits something.
Something hits you but does no damage. The orc closely misses you.
A mysterious force pulls you upwards. The hatch slams shut behind you.
Reactivating autopickup.
You hit the orc but do no damage. Something hits you but does no damage.
Deactivating autopickup; reactivate with Ctrl-A.
The orc hits you with a +1 mace of distortion.
* * * LOW HITPOINT WARNING * * *
Space warps horribly around you!
You die...

## ################## ##.
#......@o........# ##.#
#.######..######.# ##.##
##.........#### #.# #.## #
###..##.........# #.# ##.## ##
#.......##...#..###.# ##.# .##
#.....####....#..##.######.
#.#####....#####...###.##.##.....
#.......#...........#.....##.###.
#.#######........###.#######.# #.


You could see an orc.

Vanquished Creatures
  Menkaure (Ossuary)
  An orc priest (D:4)
  Natasha (twice) (D:2)
  3 mummies (Ossuary)
  3 adders
  A worm (D:2)
  A dart slug (D:3)
  An orc (D:3)
  2 ball pythons (D:3)
  3 endoplasms
  4 giant cockroaches
  6 gnoll zombies (Ossuary)
  5 goblins (D:1)
  3 hobgoblins
  5 kobolds
  A quokka (D:1)
  5 bats
  2 frilled lizards
  6 gnoll skeletons (Ossuary)
  4 goblin skeletons (Ossuary)
  4 goblin zombies (Ossuary)
  6 hobgoblin skeletons (Ossuary)
  4 hobgoblin zombies (Ossuary)
  2 kobold skeletons (Ossuary)
  6 kobold zombies (Ossuary)
  2 orc skeletons (Ossuary)
  3 orc zombies (Ossuary)
  7 rats
  5 rat skeletons (Ossuary)
  2 rat zombies (Ossuary)
100 creatures vanquished.

Vanquished Creatures (others)
  A fungus (D:3)
1 creature vanquished.

Grand Total: 101 creatures vanquished

Notes
Turn   | Place    | Note
-------+----------+-------------------------------------------
     0 | D:1      | KateP the Minotaur Fighter began the quest for the Orb.
     0 | D:1      | Reached XP level 1. HP: 19/19 MP: 0/0
   222 | D:1      | Reached XP level 2. HP: 27/27 MP: 1/1
  1108 | D:2      | Reached XP level 3. HP: 33/33 MP: 2/2
  1133 | D:2      | Noticed Natasha
  1136 | D:2      | Killed Natasha
  1465 | D:2      | Noticed Natasha
  1471 | D:2      | Killed Natasha
  1472 | D:2      | Reached XP level 4. HP: 40/40 MP: 3/3
  2502 | D:3      | Found a faded altar of an unknown god.
  2707 | D:4      | Found a sand-covered staircase.
  2716 | Ossuary  | Entered an ossuary
  2903 | Ossuary  | Reached XP level 5. HP: 47/47 MP: 4/4
  3197 | Ossuary  | Noticed Menkaure
  3207 | Ossuary  | Killed Menkaure
  3208 | Ossuary  | Reached skill level 5 in Long Blades
  3208 | Ossuary  | Reached XP level 6. HP: 11/55 MP: 5/5
  3214 | Ossuary  | Reached skill level 5 in Shields
  3215 | Ossuary  | Reached skill level 5 in Armour
  3497 | D:4      | Reached skill level 5 in Fighting
  3505 | D:3      | Mangled by an orc

Illustrated notes

Levels and vault maps discovered:
D:1:      kennysheep_arrival_seaside, layout_basic
D:2:      layout_basic, uniq_natasha
D:3:      layout_loops_corners, shapermc_ecumenical_altar_acropolis,
          guppyfry_early_lair_pool
D:4:      layout_loops_cross, kennysheep_mini,
          lightli_ossuary_entry_decrepit_ruins, serial_shops,
          kennysheep_little_box, uniq_crazy_yiuf_cottage, uniq_sigmund

Skill      XL: |  1  2  3  4  5  6 |
---------------+-------------------+-----
Long Blades    | 3 4 5 |  5.4
Shields        | 4 5 |  5.0
Fighting       | 4 5 |  5.0
Armour         | 4 5 |  5.0

Action                   |  1- 3 |  4- 6 || total
-------------------------+-------+-------++-------
Melee: Long sword        |    61 |   179 ||   240
       Headbutt          |     5 |    31 ||    36
  Use: Potion            |       |     2 ||     2
Armor: Scale mail        |    16 |   100 ||   116
Dodge: Dodged            |    36 |    69 ||   105
Block: Buckler           |    11 |    33 ||    44

Table legend: (Time is in decaauts)
 A = Elapsed time spent in this place.
 B = Non-inter-level travel time spent in this place.
 C = Inter-level travel time spent in this place.
 D = Time resting spent in this place.
 E = Time spent auto-exploring this place.
 F = Levels seen in this place.
 G = Mean time per level.
                   A        B        C        D        E       F      G
               +--------+--------+--------+--------+--------+-----+--------+
         Total |   3565 |   3565 |      0 |    185 |   2600 |   5 |  713.0 |
       Dungeon |   2770 |   2770 |      0 |      0 |   2249 |   4 |  692.5 |
       Ossuary |    795 |    795 |      0 |    185 |    351 |   1 |  795.0 |
               +--------+--------+--------+--------+--------+-----+--------+

Top non-repeatable levels by time:
     D:3: 969 daAuts
     D:2: 917 daAuts
     D:1: 837 daAuts
 Ossuary: 795 daAuts
     D:4: 45 daAuts
